 Dungeon Crawl Stone Soup version 0.31-a0-237-g2d982f9f85 (webtiles) character file.

Game seed: 603845438875168200

58 qw the Shooter (level 4, 0/26 HPs)
             Began as a Gargoyle Hexslinger on July 10, 2023.
             Slain by a sky beast (1 damage)
             ... on level 3 of the Dungeon.
             The game lasted 00:00:38 (1243 turns).

qw the Shooter (Gargoyle Hexslinger)                Turns: 1243, Time: 00:00:38

Health: 0/26       AC: 12    Str: 10 (12) XL:     4   Next: 1%
Magic:  5/5        EV: 10    Int: 16 (17) God:
Gold:   32         SH:  0    Dex: 13 (14) Spells: 4/5 levels left

rFire   . . .        Y - +1 sling
rCold   . . .        (no shield)
rNeg    + . .        f - +0 ring mail
rPois   inf          e - +2 helmet
rElec   +            (no cloak)
rCorr   .            (no gloves)
SInv    .            a - +0 pair of boots "Japif" {*Corrode rPois Will+ Int+4}
Will    +....        (no amulet)
Stlth   +            (no ring)
HPRegen 0.24/turn    (no ring)
MPRegen 0.09/turn

%: corrode self (3%)
@: no status effects
A: sickness immunity, AC +3, negative energy resistance 1, electricity
resistance, torment resistance 1, petrification resistance
a: no special abilities


You were on level 3 of the Dungeon.
You visited 1 branch of the dungeon, and saw 3 of its levels.

You collected 32 gold pieces.


Innate Abilities, Weirdness & Mutations

You are immune to sickness and miasma.
Your stone body is resilient. (AC +3)
You are immune to poison.
You resist negative energy. (rN+)
You are resistant to electric shocks. (rElec)
You are resistant to unholy torment.
You are immune to petrification.


   Skills:
 - Level 2.0 Fighting
 + Level 3.5 Ranged Weapons
 - Level 1.3 Armour
 - Level 1.5 Dodging
 - Level 1.0 Spellcasting
 - Level 2.6 Hexes


You had 4 spell levels left.
You knew the following spells:

 Your Spells              Type           Power      Damage    Failure   Level
a - Slow                  Hex            36%        N/A       19%         1

Your spell library contained the following spells:

 Spells                   Type           Power      Damage    Failure   Level
 Inner Flame              Hex/Fire       5%         N/A       69%         3
 Portal Projectile        Hex/Tloc       10%        N/A       69%         3
 Cause Fear               Hex            4%         N/A       88%         4

Inventory:

Hand Weapons
 Y - a +1 sling (weapon)
Armour
 a - the +0 pair of boots "Japif" (worn) {*Corrode rPois Will+ Int+4}
   (You acquired it on level 1 of the Dungeon)

   Int:       It affects your intelligence (+4).
   rPois:     It protects you from poison.
   *Corrode:  It may corrode you when you take damage.
   Will:      It increases your willpower.
 e - a +2 helmet (worn)
 f - a +0 ring mail (worn)
Scrolls
 b - a scroll of identify
Potions
 c - a potion of curing {unknown}
 d - a potion of attraction {unknown}
 g - a potion of ambrosia {unknown}
 i - a potion of magic {unknown}
 j - a potion of heal wounds {unknown}

Dungeon Overview and Level Annotations

Branches:
Dungeon (3/15)

Altars:


Message History

Something hits you but does no damage. x2
You shoot a sling bullet.
A sky beast appears from thin air!
Reactivating autopickup.
The sky beast hits you but does no damage.
You shoot a sling bullet.
The sling bullet hits the sky beast but does no damage.
The sky beast is heavily wounded.
The sky beast hits you but does no damage. x2
You shoot a sling bullet. The sling bullet hits the sky beast.
The sky beast is heavily wounded.
The sky beast hits you. The sky beast shocks you. You resist.
You shoot a sling bullet. The sling bullet hits the sky beast.
The sky beast is severely wounded.
The sky beast flickers out of sight!
Deactivating autopickup; reactivate with Ctrl-A.
Something hits you but does no damage.
You shoot a sling bullet. Something hits you. Something shocks you. You resist.
Something hits you but does no damage.
You shoot a sling bullet. Something hits you but does no damage.
You shoot a sling bullet. Something hits you but does no damage.
You shoot a sling bullet. Something hits you. Something shocks you. You resist.
Something hits you but does no damage.
You shoot a sling bullet.
You feel your willpower return. Something hits you but does no damage.
You shoot a sling bullet. Something hits you. Something shocks you. You resist.
Something hits you but does no damage.
You shoot a sling bullet. Something hits you but does no damage.
You shoot a sling bullet. Something hits you but does no damage.
You shoot a sling bullet. Something hits you. Something shocks you. You resist.
You die...

### #<# #.#
#.# #.#
###########.#
......{@....#
#############


There were no monsters in sight!

Vanquished Creatures
  2 adders (D:2)
  A dart slug (D:1)
  2 ball pythons
  2 endoplasms (D:1)
  5 goblins
  A hobgoblin (D:2)
  5 jackals (D:1)
  2 quokkas (D:1)
  4 bats
  2 frilled lizards
  3 giant cockroaches (D:2)
  4 kobolds
  4 rats
37 creatures vanquished.

Notes
Turn   | Place    | Note
-------+----------+-------------------------------------------
     0 | D:1      | qw the Gargoyle Hexslinger began the quest for the Orb.
     0 | D:1      | Reached XP level 1. HP: 12/12 MP: 2/2
     0 | D:1      | 0 ||| qw: Version: 0.3-a-52-g30416fa
     0 | D:1      | 0 ||| qw: Game counter: 5198
     0 | D:1      | 0 ||| qw: Melee chars always use a shield: true
     0 | D:1      | 0 ||| qw: God list: Okawaru
     0 | D:1      | 0 ||| qw: Allow faded altars: false
     0 | D:1      | 0 ||| qw: Do Orc after clearing Dungeon:15 true
     0 | D:1      | 0 ||| qw: Do second Lair branch before Depths: true
     0 | D:1      | 0 ||| qw: Lair rune preference: random
     0 | D:1      | 0 ||| qw: Goals: Normal
     0 | D:1      | 0 ||| PLANNING D:1-11
   223 | D:1      | Reached XP level 2. HP: 16/16 MP: 3/3
   347 | D:1      | Found a faded altar of an unknown god.
   451 | D:1      | Reached skill level 3 in Ranged Weapons
   683 | D:1      | 683 ||| UPGRADING to +0 ring mail.
   693 | D:1      | 693 ||| DROPPING +0 robe.
   694 | D:1      | 694 ||| READING scroll labelled YRISIWNEITO.
   695 | D:1      | 695 ||| READING scroll labelled TICVUIFUHAE.
   695 | D:1      | Identified a scroll of acquirement
   695 | D:1      | 695 ||| ACQUIRING +0 pair of boots "Japif" {*Corrode rPois
                  | Will+ Int+4}
   695 | D:1      | Acquired the +0 pair of boots "Japif" {*Corrode rPois Will+
                  | Int+4}
   697 | D:1      | 697 ||| UPGRADING to +0 pair of boots "Japif" {*Corrode
                  | rPois Will+ Int+4}.
   702 | D:1      | 702 ||| READING scroll labelled HAUSEM EDICE.
   707 | D:1      | 707 ||| DRINKING 2 bubbling purple potions.
   708 | D:1      | 708 ||| DROPPING scroll of poison.
   709 | D:1      | 709 ||| DROPPING potion of degeneration.
   749 | D:2      | Reached XP level 3. HP: 21/21 MP: 4/4
   791 | D:2      | Reached skill level 1 in Armour
  1150 | D:2      | Reached XP level 4. HP: 26/26 MP: 5/5
  1195 | D:2      | 1195 ||| UPGRADING to +2 helmet.
  1200 | D:2      | 1200 ||| READING scroll labelled VIAMEYMIFO.
  1201 | D:2      | 1201 ||| READING scroll labelled REUCEG RYCEOXTE.
  1217 | D:3      | Noticed a sky beast
  1238 | D:3      | HP: 6/26 [something (2)]
  1240 | D:3      | HP: 2/26 [something (2)]
  1243 | D:3      | Slain by a sky beast

Levels and vault maps discovered:
D:1:      dpeg_arrival_chambers_temple_mockup, layout_basic,
          hellmonk_ecumenical_altar_leap_of_faith, minmay_strange_pillars,
          nrook_mini_backslash, minmay_quantized
D:2:      layout_rooms, minmay_misc_feat_nine_boxes,
          hangedman_decor_clover_reticule
D:3:      layout_basic, zin_academy, nrook_campfire

Skill      XL: |  1  2  3 |
---------------+----------+-----
Ranged Weapons | 3 |  3.5
Fighting       | 2 |  2.0
Armour         | 1 |  1.3
Dodging        | |  1.5
Spellcasting   | |  1.0
Hexes          | |  2.6

Action                     |  1- 3 |  4- 6 || total
---------------------------+-------+-------++-------
   Fire: Sling             |   127 |    26 ||   153
    Use: Scroll            |     3 |     2 ||     5
         Potion            |     1 |       ||     1
 Armour: Robe              |    10 |       ||    10
         Ring mail         |    36 |    19 ||    55
  Dodge: Dodged            |    44 |     2 ||    46

Table legend:
 A = Non-vault XP
 B = Vault XP
 C = Vault XP percentage of total XP
 D = Non-vault monster count
 E = Vault monster count
 F = Vault count percentage of total count
                 A         B        C        D         E       F
            +---------+---------+-------+---------+---------+-------
      Total |      75 |       8 |   9.6 |      33 |       4 |  10.8
            +---------+---------+-------+---------+---------+-------
        D:1 |      25 |       8 |  24.2 |      15 |       4 |  21.1
        D:2 |      50 |       0 |   0.0 |      18 |       0 |   0.0
            +---------+---------+-------+---------+---------+-------
